| TOP OF THE 1ST |
|
El Paso Sun Kings batting - Pitching for Round Rock Express : RHP Jesus Manaure
|
|
Pitching: RHP Jesus Manaure
|
|
|
Batting: LHB Stanley Hendrickson
|
0-0: Called Strike 0-1: Fly out, F8 (Line Drive, 8RM, EV 87.5 MPH)
|
|
Batting: SHB Wayne Stone
|
0-0: Called Strike 0-1: Called Strike 0-2: Ball 1-2: Foul Ball, location: 2F 1-2: Foul Ball, location: 2F 1-2: Foul Ball, location: 2F 1-2: Strikes out swinging
|
|
Batting: LHB Kevin Knuth
|
0-0: Ball 1-0: Swinging Strike 1-1: Ball 2-1: Foul Ball, location: 2F 2-2: Ball 3-2: Foul Ball, location: 2F 3-2: Foul Ball, location: 2F 3-2: Foul Ball, location: 2F 3-2: Foul Ball, location: 2F 3-2: SINGLE (Groundball, 6M, EV 94.4 MPH)
|
|
Batting: RHB Jon Hansen
|
0-0: Ball Kevin Knuth is caught stealing 2nd base 2-4
|
| Top of the 1st over - 0 runs, 1 hit, 0 errors, 0 left on base; El Paso 0 - Round Rock 0 |
| BOTTOM OF THE 1ST |
|
Round Rock Express batting - Pitching for El Paso Sun Kings : LHP Michael Tulacz
|
|
Pitching: LHP Michael Tulacz
|
|
|
Batting: LHB Steve Lyons
|
0-0: Foul Ball, location: 2F 0-1: Fly out, F7 (Line Drive, 7, EV 107.5 MPH)
|
|
Batting: RHB George Gross
|
0-0: Ball 1-0: Ground out 6-3 (Groundball, 6, EV 83.1 MPH)
|
|
Batting: LHB Al Chambers
|
0-0: Fly out, F2 (Popup, 2L, EV 88.8 MPH)
|
| Bottom of the 1st over - 0 runs, 0 hits, 0 errors, 0 left on base; El Paso 0 - Round Rock 0 |
| TOP OF THE 2ND |
|
El Paso Sun Kings batting - Pitching for Round Rock Express : RHP Jesus Manaure
|
|
Batting: RHB Jon Hansen
|
0-0: Ball 1-0: Called Strike 1-1: Ball 2-1: Ball 3-1: Base on Balls
|
|
Batting: SHB Danny Torres
|
0-0: Ball 1-0: Ball 2-0: Fly out, F7 (Flyball, 7, EV 97.5 MPH)
|
|
Batting: RHB Danny Ramires
|
0-0: Called Strike 0-1: Foul Ball, location: 2F 0-2: Ball 1-2: Ground out 6-3 (Groundball, 56, EV 86.9 MPH) Jon Hansen to second
|
|
Batting: RHB Jimmy Waugh
|
0-0: Foul Ball, location: 2F 0-1: SINGLE (Groundball, 6MD, EV 110.6 MPH) Jon Hansen to third Runner from 3rd tries for Home, SAFE, throw by CF to home
|
|
Batting: RHB Carlos Rios
|
0-0: Ball 1-0: Swinging Strike 1-1: Ball Jimmy Waugh is caught stealing 2nd base 2-4
|
| Top of the 2nd over - 1 run, 1 hit, 0 errors, 0 left on base; El Paso 1 - Round Rock 0 |
| BOTTOM OF THE 2ND |
|
Round Rock Express batting - Pitching for El Paso Sun Kings : LHP Michael Tulacz
|
|
Batting: RHB Alejandro Sanchez
|
0-0: Foul Ball, location: 2F 0-1: Called Strike 0-2: Fly out, F7 (Line Drive, 7, EV 95.6 MPH)
|
|
Batting: RHB Gerald Miller
|
0-0: Ball 1-0: DOUBLE (Line Drive, 78D, EV 100.6 MPH)
|
|
Batting: RHB Martyn Maxwell
|
0-0: Fly out, F8 (Line Drive, 8RM, EV 100.0 MPH)
|
|
Batting: RHB Mike Sodders
|
0-0: Called Strike 0-1: Ball 1-1: Ball 2-1: Fly out, F8 (Flyball, 8RM, EV 93.8 MPH)
|
| Bottom of the 2nd over - 0 runs, 1 hit, 0 errors, 1 left on base; El Paso 1 - Round Rock 0 |
| TOP OF THE 3RD |
|
El Paso Sun Kings batting - Pitching for Round Rock Express : RHP Jesus Manaure
|
|
Batting: RHB Carlos Rios
|
0-0: Ball 1-0: Fly out, F9 (Flyball, 9, EV 96.9 MPH)
|
|
Batting: RHB Christopher Hudson
|
0-0: Foul Ball, location: 2F 0-1: Ball 1-1: Ball 2-1: Ball 3-1: Called Strike 3-2: Base on Balls
|
|
Batting: LHB Stanley Hendrickson
|
0-0: Ball 1-0: Called Strike 1-1: Swinging Strike 1-2: Strikes out swinging
|
|
Batting: SHB Wayne Stone
|
0-0: Ball Christopher Hudson steals 2nd base 1-0: Called Strike 1-1: Called Strike 1-2: Ground out 4-3 (Groundball, 4, EV 93.1 MPH)
|
| Top of the 3rd over - 0 runs, 0 hits, 0 errors, 1 left on base; El Paso 1 - Round Rock 0 |
| BOTTOM OF THE 3RD |
|
Round Rock Express batting - Pitching for El Paso Sun Kings : LHP Michael Tulacz
|
|
Batting: LHB Luis Armijo
|
0-0: Fly out, F8 (Line Drive, 8LD, EV 86.9 MPH)
|
|
Batting: LHB Mike Kripner
|
0-0: Ball 1-0: Foul Ball, location: 2F 1-1: Foul Ball, location: 2F 1-2: Ball 2-2: Foul Ball, location: 2F 2-2: Ground out U3 (Groundball, 34S, EV 88.8 MPH)
|
|
Batting: LHB Steve Lyons
|
0-0: Ground out 6-3 (Groundball, 6, EV 98.8 MPH)
|
| Bottom of the 3rd over - 0 runs, 0 hits, 0 errors, 0 left on base; El Paso 1 - Round Rock 0 |
| TOP OF THE 4TH |
|
El Paso Sun Kings batting - Pitching for Round Rock Express : RHP Jesus Manaure
|
|
Batting: LHB Kevin Knuth
|
0-0: Swinging Strike 0-1: Swinging Strike 0-2: Ball 1-2: Ground out 4-3 (Groundball, 34, EV 88.8 MPH)
|
|
Batting: RHB Jon Hansen
|
0-0: Fly out, F2 (Popup, 23F, EV 87.5 MPH)
|
|
Batting: SHB Danny Torres
|
0-0: Called Strike 0-1: Swinging Strike 0-2: Ball 1-2: Strikes out swinging
|
| Top of the 4th over - 0 runs, 0 hits, 0 errors, 0 left on base; El Paso 1 - Round Rock 0 |
| BOTTOM OF THE 4TH |
|
Round Rock Express batting - Pitching for El Paso Sun Kings : LHP Michael Tulacz
|
|
Batting: RHB George Gross
|
0-0: Ball 1-0: Ball 2-0: Called Strike 2-1: Called Strike 2-2: Strikes out swinging
|
|
Batting: LHB Al Chambers
|
0-0: Ball 1-0: Foul Ball, location: 2F 1-1: Ball 2-1: Ground out 4-3 (Groundball, 4, EV 98.1 MPH)
|
|
Batting: RHB Alejandro Sanchez
|
0-0: Swinging Strike 0-1: Foul Ball, location: 2F 0-2: Strikes out swinging
|
| Bottom of the 4th over - 0 runs, 0 hits, 0 errors, 0 left on base; El Paso 1 - Round Rock 0 |
| TOP OF THE 5TH |
|
El Paso Sun Kings batting - Pitching for Round Rock Express : RHP Jesus Manaure
|
|
Batting: RHB Danny Ramires
|
0-0: Ball 1-0: Swinging Strike 1-1: Reached via error on a dropped throw from 3B, E3 (Groundball, 56, EV 100.6 MPH)
|
|
Batting: RHB Jimmy Waugh
|
0-0: Called Strike 0-1: Ball Danny Ramires steals 2nd base 1-1: Foul Ball, location: 2F 1-2: Ball 2-2: Strikes out looking
|
|
Batting: RHB Carlos Rios
|
0-0: Fly out, F3 (Line Drive, 3, EV 61.3 MPH)
|
|
Batting: RHB Christopher Hudson
|
0-0: Called Strike 0-1: Swinging Strike 0-2: Fly out, F8 (Flyball, 8RD, EV 93.1 MPH)
|
| Top of the 5th over - 0 runs, 0 hits, 1 error, 1 left on base; El Paso 1 - Round Rock 0 |
| BOTTOM OF THE 5TH |
|
Round Rock Express batting - Pitching for El Paso Sun Kings : LHP Michael Tulacz
|
|
Batting: RHB Gerald Miller
|
0-0: Ground out 3-1 (Groundball, 34, EV 80.6 MPH)
|
|
Batting: RHB Martyn Maxwell
|
0-0: Called Strike 0-1: Foul Ball, location: 2F 0-2: Ball 1-2: Ground out 5-3 (Groundball, 56, EV 103.1 MPH)
|
|
Batting: RHB Mike Sodders
|
0-0: Ball 1-0: Ball 2-0: Foul Ball, location: 2F 2-1: Fly out, F8 (Flyball, 8RD, EV 85.0 MPH)
|
| Bottom of the 5th over - 0 runs, 0 hits, 0 errors, 0 left on base; El Paso 1 - Round Rock 0 |
| TOP OF THE 6TH |
|
El Paso Sun Kings batting - Pitching for Round Rock Express : RHP Jesus Manaure
|
|
Batting: LHB Stanley Hendrickson
|
0-0: Ball 1-0: Ball 2-0: Ball 3-0: Base on Balls
|
|
Batting: SHB Wayne Stone
|
0-0: Ball 1-0: Called Strike 1-1: Called Strike 1-2: SINGLE (Line Drive, 8RS, EV 106.3 MPH) Stanley Hendrickson to second
|
|
Batting: LHB Kevin Knuth
|
0-0: Foul Ball, location: 2F 0-1: TRIPLE (Flyball, 3D, EV 93.1 MPH) Stanley Hendrickson scores Wayne Stone scores
|
|
Batting: RHB Jon Hansen
|
0-0: Swinging Strike 0-1: Ball 1-1: Fly out, F8 (Flyball, 8RM, EV 93.8 MPH) Runner from 3rd tags up, SCORES, throw by CF
|
|
Batting: SHB Danny Torres
|
0-0: Hit by Pitch
|
|
Batting: RHB Danny Ramires
|
0-0: Ball 1-0: Swinging Strike 1-1: Foul Ball, location: 2F 1-2: Ground out U3 (Groundball, 34S, EV 68.8 MPH) Danny Torres to second
|
|
Batting: RHB Jimmy Waugh
|
0-0: Fly out, F9 (Line Drive, 9, EV 89.4 MPH)
|
| Top of the 6th over - 3 runs, 2 hits, 0 errors, 1 left on base; El Paso 4 - Round Rock 0 |
| BOTTOM OF THE 6TH |
|
Round Rock Express batting - Pitching for El Paso Sun Kings : LHP Michael Tulacz
|
|
Batting: LHB Luis Armijo
|
0-0: Called Strike 0-1: Ball 1-1: Ball 2-1: Swinging Strike 2-2: Strikes out swinging
|
|
Batting: LHB Mike Kripner
|
0-0: Called Strike 0-1: Called Strike 0-2: Strikes out looking
|
|
Batting: LHB Steve Lyons
|
0-0: Ball 1-0: Ball 2-0: Ball 3-0: Called Strike 3-1: Base on Balls
|
|
Batting: RHB George Gross
|
0-0: Called Strike 0-1: Ball 1-1: Called Strike 1-2: Ball Pickoff Throw to First - Error! E1 Steve Lyons to second 2-2: Strikes out looking
|
| Bottom of the 6th over - 0 runs, 0 hits, 1 error, 1 left on base; El Paso 4 - Round Rock 0 |
| TOP OF THE 7TH |
|
El Paso Sun Kings batting - Pitching for Round Rock Express : RHP Jesus Manaure
|
|
Batting: RHB Carlos Rios
|
0-0: Ball 1-0: Fly out, F9 (Flyball, 89S, EV 91.9 MPH)
|
|
Batting: RHB Christopher Hudson
|
0-0: Fly out, F9 (Flyball, 9LS, EV 79.4 MPH)
|
|
Batting: LHB Stanley Hendrickson
|
0-0: Ball 1-0: Ball 2-0: Called Strike 2-1: Called Strike 2-2: Strikes out looking
|
| Top of the 7th over - 0 runs, 0 hits, 0 errors, 0 left on base; El Paso 4 - Round Rock 0 |
| BOTTOM OF THE 7TH |
|
Round Rock Express batting - Pitching for El Paso Sun Kings : LHP Michael Tulacz
|
|
Batting: LHB Al Chambers
|
0-0: Foul Ball, location: 2F 0-1: Ball 1-1: Ground out U3 (Groundball, 34, EV 95.0 MPH)
|
|
Batting: RHB Alejandro Sanchez
|
0-0: Fly out, F3 (Popup, 3F, EV 66.3 MPH)
|
|
Batting: RHB Gerald Miller
|
0-0: Ball 1-0: Foul Ball, location: 2F 1-1: Ball 2-1: Ball 3-1: Fly out, F7 (Line Drive, 7, EV 91.3 MPH)
|
| Bottom of the 7th over - 0 runs, 0 hits, 0 errors, 0 left on base; El Paso 4 - Round Rock 0 |
| TOP OF THE 8TH |
|
El Paso Sun Kings batting - Pitching for Round Rock Express : RHP Jesus Manaure
|
|
Batting: SHB Wayne Stone
|
0-0: SINGLE (Groundball, 34D, EV 94.4 MPH)
|
|
Batting: LHB Kevin Knuth
|
0-0: Ball 1-0: Ball 2-0: Ball 3-0: Called Strike 3-1: Base on Balls Wayne Stone to second
|
|
Batting: RHB Jon Hansen
|
0-0: Swinging Strike 0-1: Reached on error, E6 (Groundball, 56, EV 91.3 MPH) Wayne Stone to third Kevin Knuth to second
|
|
Batting: SHB Danny Torres
|
0-0: Ball 1-0: Grounds out, U3 (Groundball, 3L, EV 83.1 MPH) Wayne Stone scores Kevin Knuth to third
|
|
Pitching: RHP Jeff Keener
|
|
|
Batting: RHB Danny Ramires
|
0-0: Ball 1-0: Called Strike 1-1: Fly out, F6 (Line Drive, 6, EV 73.8 MPH)
|
|
Batting: RHB Jimmy Waugh
|
0-0: Ball 1-0: Foul Ball, location: 2F 1-1: Foul Ball, location: 2F 1-2: Strikes out swinging
|
| Top of the 8th over - 1 run, 1 hit, 1 error, 2 left on base; El Paso 5 - Round Rock 0 |
| BOTTOM OF THE 8TH |
|
Round Rock Express batting - Pitching for El Paso Sun Kings : LHP Michael Tulacz
|
|
Batting: RHB Martyn Maxwell
|
0-0: Ball 1-0: Fly out, F7 (Flyball, 78D, EV 87.5 MPH)
|
|
Batting: RHB Mike Sodders
|
0-0: Ball 1-0: Ball 2-0: Ball 3-0: Called Strike 3-1: Base on Balls
|
|
Batting: LHB Luis Armijo
|
0-0: Ball 1-0: Swinging Strike 1-1: Ball 2-1: Called Strike 2-2: Ball 3-2: Foul Ball, location: 2F 3-2: Foul Ball, location: 2F 3-2: Strikes out swinging
|
|
Batting: LHB Mike Kripner
|
0-0: Swinging Strike 0-1: Ball 1-1: Called Strike 1-2: Ball 2-2: Ball 3-2: Base on Balls Mike Sodders to second
|
|
Batting: LHB Steve Lyons
|
0-0: Called Strike 0-1: Fly out, F7 (Flyball, 7D, EV 84.4 MPH)
|
| Bottom of the 8th over - 0 runs, 0 hits, 0 errors, 2 left on base; El Paso 5 - Round Rock 0 |
| TOP OF THE 9TH |
|
El Paso Sun Kings batting - Pitching for Round Rock Express : RHP Jeff Keener
|
|
Batting: RHB Carlos Rios
|
0-0: Ball 1-0: Reached on error, E5 (Groundball, 5, EV 85.0 MPH)
|
|
Batting: RHB Christopher Hudson
|
0-0: Swinging Strike 0-1: Ball 1-1: Ball 2-1: Fly out, F9 (Line Drive, 9, EV 88.1 MPH)
|
|
Batting: LHB Stanley Hendrickson
|
0-0: Fly out, F7 (Flyball, 78S, EV 86.9 MPH)
|
|
Batting: SHB Wayne Stone
|
0-0: Ball 1-0: Ball Carlos Rios is caught stealing 2nd base 2-6
|
| Top of the 9th over - 0 runs, 0 hits, 1 error, 0 left on base; El Paso 5 - Round Rock 0 |
| BOTTOM OF THE 9TH |
|
Round Rock Express batting - Pitching for El Paso Sun Kings : LHP Michael Tulacz
|
|
Batting: RHB George Gross
|
0-0: Ball 1-0: Ball 2-0: Fly out, F9 (Flyball, 9, EV 86.3 MPH)
|
|
Batting: LHB Al Chambers
|
0-0: Foul Ball, location: 2F 0-1: Swinging Strike 0-2: SINGLE (Line Drive, 4D, EV 101.9 MPH)
|
|
Batting: RHB Alejandro Sanchez
|
0-0: Ball 1-0: Swinging Strike 1-1: Ball 2-1: Foul Ball, location: 2F 2-2: Ball 3-2: Foul Ball, location: 2F 3-2: Base on Balls Al Chambers to second
|
|
Pitching: RHP John Harness
|
|
|
Batting: RHB Gerald Miller
|
0-0: Ball 1-0: Ball 2-0: 3-RUN HOME RUN (Flyball, 7D, EV 104.4 MPH), Distance : 388 ft
|
|
Batting: RHB Martyn Maxwell
|
0-0: SINGLE (Flyball, 8RS, EV 93.8 MPH)
|
|
Pitching: LHP Michael Shoaf
|
|
|
Now at 1B: Gary Bishop
|
|
|
Batting: RHB Mike Sodders
|
0-0: Fly out, F4 (Popup, 34D, EV 65.6 MPH)
|
|
Batting: LHB Luis Armijo
|
0-0: Ground out 1-3 (Groundball, 13, EV 66.9 MPH)
|
| Bottom of the 9th over - 3 runs, 3 hits, 0 errors, 1 left on base; El Paso 5 - Round Rock 3 |
|